 Dungeon Crawl Stone Soup version 0.27-a0-686-gaed091b46b (webtiles) character file.

Game seed: 4773609101562907347

1407 jasper the Cleaver (level 8, -4/61 (64) HPs)
             Began as a Demonspawn Delver on Mar 21, 2021.
             Was an Initiate of Makhleb.
             Killed from afar by an orc wizard (9 damage)
             ... with a puff of flame
             ... on level 6 of the Dungeon.
             The game lasted 00:13:06 (7565 turns).

jasper the Cleaver (Demonspawn Delver)              Turns: 7565, Time: 00:13:06

HP:   -4/61 (64)    AC: 10    Str: 14    XL:     8   Next: 42%
MP:   8/8           EV:  8    Int: 13    God:    Makhleb [......]
Gold: 98            SH:  8    Dex: 14    Spells: 7/7 levels left

rFire    . . .     SeeInvis .   o - +2 broad axe (vamp)
rCold    . . .     Faith    .   r - +0 kite shield
rNeg     . . .     Spirit   .   f - +1 ring mail
rPois    .         Reflect  .   (helmet restricted)
rElec    .         Harm     .   s - +0 cloak
rCorr    .         Rampage  .   (no gloves)
Will     .....                  h - +0 pair of boots
Stlth    ++........             (no amulet)
HPRegen  1.20/turn              (no ring)
MPRegen  0.11/turn              (no ring)

@: lightly drained
A: antennae 1, rugged brown scales 2, powered by death 1
a: Renounce Religion


You were on level 6 of the Dungeon.
You worshipped Makhleb.
Makhleb was noncommittal.
You visited 1 branch of the dungeon, and saw 6 of its levels.

You collected 252 gold pieces.
You spent 154 gold pieces at shops.

Inventory:

Hand Weapons
 a - a +0 hand axe
 o - a +2 vampiric broad axe (weapon)
Missiles
 l - 71 stones
 n - 7 javelins
Armour
 b - a +0 leather armour
 f - a +1 ring mail (worn)
 h - a +0 pair of boots (worn)
 m - a +0 scale mail
 r - a +0 kite shield (worn)
 s - a +0 cloak (worn)
 t - a +0 plate armour
Jewellery
 i - a ring of wizardry
Wands
 g - a wand of digging (3)
Scrolls
 c - 2 scrolls of fog
 d - a scroll of magic mapping
 e - 2 scrolls of fear
 j - a scroll of summoning
 q - a scroll of teleportation
 v - a scroll of identify
Potions
 k - 2 potions of flight
 p - 2 potions of curing
 u - a potion of resistance {unknown}
 w - a potion of invisibility


   Skills:
 + Level 4.4 Fighting
 * Level 8.4 Axes
 + Level 2.8 Armour
 - Level 1.7 Dodging
 - Level 4.5 Stealth
 + Level 1.7 Shields


You had 7 spell levels left.
You didn't know any spells.
Your spell library was empty.

Dungeon Overview and Level Annotations

Branches:
Dungeon (6/15)
 Temple: D:4-7

Altars:
Cheibriados
Elyvilon
Fedhas
Kikubaaqudgha
Makhleb
Nemelex Xobeh
Okawaru
Sif Muna
Vehumet

Shops:
D:4 ?[!


Innate Abilities, Weirdness & Mutations

You have a pair of small antennae on your head.
You are mostly covered in rugged brown scales. (AC +2, +5% HP)
You regenerate a little health from kills.


Message History

You hear some strange, mumbled words.
You are confused.
You take 3 damage, and have 33/64 hp.
You hit something.
You feel better. Makhleb accepts your kill.
Reactivating autopickup.
You feel a bit more experienced.
You hit the orc priest. You completely miss something.
You slash the centaur zombie! The centaur zombie hits you.
The orc priest casts a cantrip, but nothing happens.
Something hits you but does no damage.
Deactivating autopickup; reactivate with Ctrl-A.
The wight hits you but does no damage.
The centaur zombie hits you but does no damage.
The wight barely misses you.
The orc priest hits you but does no damage.
Something hits you. The wight closely misses you.
You take 1 damage, and have 32/64 hp.
You slash the centaur zombie!
You destroy the centaur zombie!
Makhleb accepts your kill.
You hit something but do no damage. You barely miss the wight.
You miss the orc priest.
A wight comes into view. It is wielding a +3 dagger of freezing.
The orc priest calls down the wrath of Beogh upon you.
You struggle to resist.
The wight hits you with a +0 battleaxe!
You feel drained. Something hits you.
* * * LOW HITPOINT WARNING * * *
The wight hits you from afar with a +4 spear.
* * * LOW HITPOINT WARNING * * *
You take 22 damage, and have 10/63 hp.
MASSIVE DAMAGE!!
You feel better. The orc priest barely misses you.
The wight hits you with a +0 battleaxe!
* * * LOW HITPOINT WARNING * * *
You feel drained.
* * * LOW HITPOINT WARNING * * *
You hear some strange, mumbled words.
A puff of flame appears from out of thin air!
The puff of flame hits you!
You die...

#.....) ..
+......
#.#####
#....Z.
.####.....#
#####<.
.........z.
.........
.......#z#.#
...######
.......#z#.#
#####..z#o#.#
.......{@)#.#
####.#..##.#
###.......#
...........#
##
#########.##
#.. ...
####.# #.#
#.. #.##.#
#.# #.#
#....# #.#
#.# #.####


You could see 4 wights and an orc priest.

Vanquished Creatures
  Grinder (D:5)
  Eustachio (D:4)
  An ice beast (D:5)
  An ogre (D:4)
  A centaur (D:5)
  A scorpion (D:5)
  A centaur zombie (D:6)
  2 orc priests
  A jelly (D:4)
  Jessica (D:2)
  Terence (D:3)
  8 orc wizards
  4 worker ants (D:5)
  5 adders
  3 gnolls (D:4)
  A shadow imp (D:5)
  A white imp (D:5)
  3 oozes
  An adder zombie (D:5)
  A worm (D:3)
  2 dart slugs
  20 orcs
  14 bats
  4 giant cockroaches
  8 goblins
  4 hobgoblins
  11 jackals
  2 quokkas (D:3)
  A ball python (D:4)
  3 frilled lizards
  10 kobolds
  6 rats
124 creatures vanquished.

Vanquished Creatures (collateral kills)
  A centaur (D:6)
  Ijyb (D:4)
  An adder (D:4)
  3 orcs (D:4)
  A goblin (D:4)
7 creatures vanquished.

Vanquished Creatures (others)
  An ogre (D:4)
  A scorpion (D:4)
  An orc priest (D:4)
  Robin (D:4)
  A giant cockroach (D:3)
  A plant (D:4)
6 creatures vanquished.

Grand Total: 137 creatures vanquished

Notes
Turn   | Place    | Note
-------+----------+-------------------------------------------
     0 | D:5      | jasper the Demonspawn Delver began the quest for the Orb.
     0 | D:5      | Reached XP level 1. HP: 18/18 MP: 1/1
     7 | D:5      | Noticed an ice beast
    36 | D:5      | Noticed Grinder
   170 | D:3      | Reached skill level 2 in Axes
   272 | D:3      | Gained mutation: You have a pair of small antennae on your
                  | head. [demonic ancestry]
   272 | D:3      | Reached XP level 2. HP: 24/24 MP: 2/2
   472 | D:3      | Found a faded altar of an unknown god.
   477 | D:3      | Became a worshipper of Sif Muna the Loreminder
   477 | D:3      | Reached * piety under Sif Muna
   478 | D:3      | Fell from the grace of Sif Muna
   728 | D:2      | Reached skill level 3 in Axes
   913 | D:1      | Gained mutation: You are partially covered in rugged brown
                  | scales. (AC +1, +3% HP) [demonic ancestry]
   913 | D:1      | Reached XP level 3. HP: 23/29 MP: 3/3
  1806 | D:2      | Noticed Jessica
  1819 | D:2      | Killed Jessica
  1820 | D:2      | Reached skill level 4 in Axes
  1820 | D:2      | Gained mutation: You regenerate a little health from kills.
                  | [demonic ancestry]
  1820 | D:2      | Reached XP level 4. HP: 36/36 MP: 4/4
  2726 | D:3      | Noticed Terence
  2736 | D:3      | Killed Terence
  2925 | D:3      | Reached XP level 5. HP: 34/42 MP: 5/5
  2932 | D:3      | Reached skill level 5 in Axes
  4433 | D:4      | Noticed an ogre
  4452 | D:4      | Found a blossoming altar of Fedhas.
  4664 | D:4      | Killed an ogre
  4665 | D:4      | Reached skill level 6 in Axes
  4665 | D:4      | Gained mutation: You are mostly covered in rugged brown
                  | scales. (AC +2, +5% HP) [demonic ancestry]
  4665 | D:4      | Reached XP level 6. HP: 13/49 MP: 6/6
  4994 | D:4      | Found Weluge's Magic Scroll Shoppe.
  5018 | D:4      | Found Itwoofucu's Antique Armour Emporium.
  5027 | D:4      | Bought a pair of boots for 112 gold pieces
  5028 | D:4      | Noticed Ijyb
  5034 | D:4      | Killed Ijyb
  5064 | D:4      | Noticed Robin
  5065 | D:4      | Noticed an orc warrior
  5078 | D:4      | Your ally died
  5181 | D:3      | Identified a scroll of acquirement
  5181 | D:3      | Acquired a +2 vampiric broad axe
  5223 | D:4      | Found Giro's Distillery.
  5241 | D:4      | Bought a potion of curing for 42 gold pieces
  5378 | D:5      | Noticed Eustachio
  5552 | D:4      | Killed Eustachio
  5553 | D:4      | Reached skill level 7 in Axes
  5553 | D:4      | Reached XP level 7. HP: 54/54 MP: 7/7
  5921 | D:5      | Found a radiant altar of Vehumet.
  5960 | D:5      | Reached skill level 1 in Armour
  5960 | D:5      | Paralysed by Grinder for 4 turns
  5971 | D:5      | Killed Grinder
  6366 | D:5      | Reached XP level 8. HP: 48/63 MP: 8/8
  6535 | D:5      | Reached skill level 8 in Axes
  6544 | D:5      | Reached skill level 1 in Shields
  7430 | D:6      | Found a sparkling altar of Nemelex Xobeh.
  7432 | D:6      | Found an ancient bone altar of Kikubaaqudgha.
  7432 | D:6      | Found an iron altar of Okawaru.
  7433 | D:6      | Found a burning altar of Makhleb.
  7434 | D:6      | Found a snail-covered altar of Cheibriados.
  7466 | D:6      | Became a worshipper of Makhleb the Destroyer
  7565 | D:6      | Killed from afar by an orc wizard

Illustrated notes

Levels and vault maps discovered:
D:1:      giann_forest_graveyard, layout_basic, corexii_item_surrounded_by_moat,
          minmay_misc_feat_doors
D:2:      layout_loops_cross, kennysheep_generic_room_13, uniq_jessica
D:3:      layout_basic, chequers_ecumenical_altar_grove,
          kennysheep_generic_room_6, uniq_terence
D:4:      layout_gridville, elyvilon_altar_1, marbit_many_paths, serial_shops,
          shop, nicolae_shop_temple_entry_statues_fountains, shop, shop,
          minmay_divided_ellipse, uniq_robin, uniq_ijyb
D:5:      layout_basic, general_overflow_altar, zaba_anthole, kennysheep_nub,
          minmay_diced_spiral, uniq_eustachio, uniq_grinder
D:6:      layout_basic, grunt_temple_overflow_open, serial_glass,
          glass_columns_a, glass_columns_b, patterned_corridor, uniq_maggie

Skill      XL: |  1  2  3  4  5  6  7  8 |
---------------+-------------------------+-----
Axes           | 2 3 4 6 7 8 |  8.4
Armour         | 2 |  2.8
Fighting       | 4 |  4.4
Shields        | 1 |  1.7
Dodging        | |  1.7
Stealth        | |  4.5

Action                   |  1- 3 |  4- 6 |  7- 9 || total
-------------------------+-------+-------+-------++-------
Melee: Hand axe          |    76 |   169 |       ||   245
       Broad axe         |       |    39 |   101 ||   140
Throw: Boomerang         |    39 |    15 |       ||    54
       Stone             |       |    61 |       ||    61
Invok: Renounce Religion |     1 |       |       ||     1
Evoke: Wand              |       |     9 |     4 ||    13
  Use: Potion            |     2 |     9 |     2 ||    13
       Scroll            |     4 |     3 |     1 ||     8
 Stab: Sleeping          |     1 |     1 |     3 ||     5
       Invisible         |       |     1 |       ||     1
Armor: Ring mail         |    41 |    96 |    54 ||   191
       Skin              |    10 |     5 |       ||    15
       Leather armour    |     1 |       |       ||     1
Dodge: Dodged            |    44 |   145 |    47 ||   236
Block: Kite shield       |       |       |    29 ||    29

Table legend: (Time is in decaauts)
 A = Elapsed time spent in this place.
 B = Non-inter-level travel time spent in this place.
 C = Inter-level travel time spent in this place.
 D = Time resting spent in this place.
 E = Time spent auto-exploring this place.
 F = Levels seen in this place.
 G = Mean time per level.
                   A        B        C        D        E       F      G
               +--------+--------+--------+--------+--------+-----+--------+
         Total |   7665 |   7493 |    172 |   1612 |   4407 |   6 | 1277.5 |
       Dungeon |   7665 |   7493 |    172 |   1612 |   4407 |   6 | 1277.5 |
               +--------+--------+--------+--------+--------+-----+--------+

Top non-repeatable levels by time:
     D:3: 2235 daAuts
     D:5: 2014 daAuts
     D:4: 1235 daAuts
     D:2: 1137 daAuts
     D:1: 884 daAuts
     D:6: 158 daAuts
